 Dungeon Crawl Stone Soup version 0.27.0-1-g7a089689b8 (webtiles) character file.

Game seed: 12180970781306813268

157 shadowrider38 the Cudgeller (level 5, -1/32 HPs)
             Began as a Gargoyle Fighter on Aug 4, 2021.
             Slain by Menkaure (11 damage)
             ... on level 4 of the Dungeon.
             The game lasted 00:12:49 (3192 turns).

shadowrider38 the Cudgeller (Gargoyle Fighter)      Turns: 3192, Time: 00:12:50

Health: -1/32      AC: 15    Str: 20    XL:     5   Next: 38%
Magic:  5/5        EV:  3    Int:  9    God:
Gold:   115        SH:  9    Dex:  9    Spells: 4/4 levels left

rFire    x . .     SeeInvis .   a - +0 flail
rCold    + . .     Faith    .   c - +0 kite shield
rNeg     + . .     Spirit   .   p - +0 plate armour
rPois    ∞         Reflect  .   (no helmet)
rElec    +         Harm     .   (no cloak)
rCorr    .         Rampage  .   (no gloves)
Will     .....                  (no boots)
Stlth    ..........             g - amulet of the acrobat
HPRegen  0.10/turn              f - ring of ice
MPRegen  0.09/turn              (no ring)

@: no status effects
A: sickness immunity, AC +4, negative energy resistance 1, electricity
resistance, torment resistance 1, petrification resistance
a: no special abilities


You were on level 4 of the Dungeon.
You visited 1 branch of the dungeon, and saw 4 of its levels.

You collected 115 gold pieces.

Inventory:

Hand Weapons
 a - a +0 flail (weapon)
 b - a +0 hunting sling of freezing
Missiles
 j - 32 poisoned darts (quivered)
 n - 71 stones
Armour
 c - a +0 kite shield (worn)
 m - a +0 scale mail
 p - a +0 plate armour (worn)
Jewellery
 f - a ring of ice (left hand)
 g - an amulet of the acrobat (around neck)
Scrolls
 i - a scroll of summoning {unknown}
 k - a scroll of vulnerability {unknown}
 l - a scroll of teleportation {unknown}
 o - a scroll of enchant weapon {unknown}
Potions
 d - 2 potions of might
 e - 2 potions of brilliance {unknown}
 h - a potion of heal wounds {unknown}
 q - a potion of haste {unknown}


   Skills:
 - Level 3.4 Fighting
 * Level 5.1 Maces & Flails
 - Level 0.1 Slings
 - Level 3.4 Armour
 - Level 3.4 Shields


You had 4 spell levels left.
You didn't know any spells.
Your spell library contained the following spells:

 Spells                   Type           Power      Damage    Failure   Level
 Animate Skeleton         Necr           0%         N/A       100%        1
 Apportation              Tloc           0%         N/A       100%        1
 Corona                   Hex            0%         N/A       100%        1
 Pain                     Necr           0%         1d4       100%        1
 Summon Small Mammal      Summ           0%         N/A       100%        1
 Vampiric Draining        Necr           0%         2d6       100%        3


Dungeon Overview and Level Annotations

Branches:
Dungeon (4/15)
 Temple: D:4-7

Altars:
Kikubaaqudgha
Okawaru
Qazlal
Wu Jian

Annotations:
D:4 Menkaure


Innate Abilities, Weirdness & Mutations

You are immune to sickness and miasma.
Your stone body is resilient. (AC +4)
You are immune to poison.
You resist negative energy. (rN+)
You are resistant to electric shocks. (rElec)
You are resistant to unholy torment.
You are immune to petrification.


Message History

You shoot a stone. The stone hits the hound skeleton!
You destroy the hound skeleton!
Unknown command.
n - 68 stones (gained 3)
n - 69 stones (gained 1)
n - 70 stones (gained 1)
Found a robe.
n - 72 stones (gained 2)
n - 73 stones (gained 1)
You open the door.
Found a stone staircase leading down.
Okay, then.
There is an open door here.
Menkaure, Prince of Dust comes into view.
Menkaure shouts!
Fire: 73 stones
Press: ? - help, Q - select action, (/) - cycle Shift-Dir - straight line, f - Menkaure
Aim: Menkaure (70% to hit)
You shoot a stone. The stone hits Menkaure.
Menkaure is lightly damaged.
Fire: 72 stones
Press: ? - help, Q - select action, (/) - cycle Shift-Dir - straight line, f/p - Menkaure
Aim: Menkaure (lightly damaged, 70% to hit)
You shoot a stone.
The stone hits Menkaure but does no damage.
Menkaure is lightly damaged.
Menkaure casts a spell.
Menkaure seems to speed up.
Menkaure casts a spell at you. Pain shoots through your body!
Your +0 hunting sling of freezing stops glowing.
a - a +0 flail (weapon)
Your plate armour prevents you from hitting Menkaure.
Menkaure is lightly damaged.
Menkaure hits you!
You sock Menkaure!
Menkaure is heavily damaged.
Menkaure gestures at you while chanting.
Pain shoots through your body! Menkaure hits you!
You die...

###'##........#.....†#
..............##+###.#
....##...##...#......#
....##...######......#
.........+ #......#
.........# #......#
..#############......#
## ...............###
.......[....@..#
............M..#
...............#
...............#
.######'#......#
#......#......#
#....>.#......+
########......#
....(....#+###


You could see Menkaure (fast).

Vanquished Creatures
  A hound (D:4)
  A hound skeleton (D:4)
  4 adders
  2 worms
  3 dart slugs
  An orc (D:3)
  5 ball pythons
  8 bats
  7 endoplasms
  3 giant cockroaches
  3 hobgoblins
  4 jackals (D:2)
  6 quokkas
  2 frilled lizards
  5 goblins
  8 kobolds
  A rat (D:3)
64 creatures vanquished.

Notes
Turn   | Place    | Note
-------+----------+-------------------------------------------
     0 | D:1      | shadowrider38 the Gargoyle Fighter began the quest for the
                  | Orb.
     0 | D:1      | Reached XP level 1. HP: 14/14 MP: 1/1
   190 | D:1      | Reached XP level 2. HP: 17/19 MP: 2/2
   461 | D:1      | Found a faded altar of an unknown god.
   929 | D:1      | Reached XP level 3. HP: 23/23 MP: 3/3
   937 | D:1      | Reached skill level 3 in Maces & Flails
  1849 | D:2      | Reached XP level 4. HP: 28/28 MP: 4/4
  2485 | D:3      | Reached skill level 4 in Maces & Flails
  2794 | D:3      | Found an iron altar of Okawaru.
  2807 | D:3      | Found an ornate altar of the Wu Jian Council.
  2885 | D:3      | Found an ancient bone altar of Kikubaaqudgha.
  2886 | D:3      | Found a stormy altar of Qazlal.
  3078 | D:4      | Reached XP level 5. HP: 32/32 MP: 5/5
  3141 | D:4      | Reached skill level 5 in Maces & Flails
  3180 | D:4      | Noticed Menkaure
  3192 | D:4      | Slain by Menkaure

Illustrated notes

Levels and vault maps discovered:
D:1:      psy_arrival_dodecagon, layout_loops_cross,
          chequers_ecumenical_altar_simple_redux, minmay_vboxes
D:2:      layout_loops_ring
D:3:      layout_rooms, nicolae_overflow_hidden_temple,
          mainiacjoe_overflow_swirl, st_stairs_9, kennysheep_generic_room_11
D:4:      layout_gridville, sigmund_army, uniq_menkaure

Skill      XL: |  1  2  3  4  5 |
---------------+----------------+-----
Maces & Flails | 3 4 5 |  5.1
Fighting       | |  3.4
Slings         | |  0.1
Armour         | |  3.4
Shields        | |  3.4

Action                   |  1- 3 |  4- 6 || total
-------------------------+-------+-------++-------
Melee: Flail             |   120 |    41 ||   161
 Fire: Hunting sling     |    13 |    70 ||    83
Armor: Scale mail        |    58 |     9 ||    67
       Plate armour      |       |    35 ||    35
Dodge: Dodged            |    47 |    25 ||    72
Block: Kite shield       |    59 |    40 ||    99
